 Dungeon Crawl Stone Soup version 0.31-a0-1074-g0b22e4e0f1 (webtiles) character file.

Game seed: 11605746782142407452

200 croobank the Ruffian (level 5, -5/45 HPs)
             Began as a Draconian Shapeshifter on Dec 3, 2023.
             Slain by a black bear (11 damage)
             ... on level 4 of the Dungeon.
             The game lasted 00:08:02 (3167 turns).

croobank the Ruffian (Draconian Shapeshifter)       Turns: 3167, Time: 00:08:03

Health: -5/45      AC:  5    Str: 16    XL:     5   Next: 49%
Magic:  5/5        EV: 13    Int:  9    God:
Gold:   204        SH:  0    Dex: 16    Spells: 4/4 levels left

rFire   . . .        a - +5 club
rCold   + . .        (no shield)
rNeg    . . .        (body armour unavailable)
rPois   .            (helmet currently unavailable)
rElec   .            (cloak currently unavailable)
rCorr   .            h - melded +0 pair of gloves
SInv    +            (boots currently unavailable)
Will    .....        e - amulet of magic regeneration
Stlth   +            p - ring of protection from cold
HPRegen 0.27/turn    (no ring)
MPRegen 0.49/turn

%: no passive effects
@: beast-form
A: beast (slay +2), AC +5, unfitting armour, cold-blooded, see invisible, agile
1, subdued magic 2
a: Begin Untransformation


You were on level 4 of the Dungeon.
You were a hulking beast.
You visited 1 branch of the dungeon, and saw 4 of its levels.

You collected 204 gold pieces.

Inventory:

Hand Weapons
 a - a +5 club (weapon)
Missiles
 o - 6 boomerangs (quivered)
Armour
 f - a +0 kite shield
 h - a +0 pair of gloves (melded)
Jewellery
 e - an amulet of magic regeneration (around neck)
 p - a ring of protection from cold (left hand)
Talismans
 b - a beast talisman (active)
 c - a flux talisman
Scrolls
 d - a scroll of vulnerability
 i - 2 scrolls of noise {unknown}
 k - a scroll of enchant armour {unknown}
 l - a scroll of poison {unknown}
 n - a scroll of butterflies {unknown}
Potions
 m - a potion of heal wounds {unknown}
 q - a potion of might {unknown}


   Skills:
 + Level 3.1 Fighting
 + Level 3.0 Dodging
 + Level 4.0 Unarmed Combat
 + Level 3.9 Shapeshifting


You had 4 spell levels left.
You didn't know any spells.
Your spell library contained the following spells:

 Spells                   Type           Power      Damage    Failure   Level
 Kiss of Death            Conj/Necr      0%         2d5       30%         1
 Confusing Touch          Hex            0%         N/A       69%         3
 Dispel Undead            Necr           0%         3d6       98%         4


Dungeon Overview and Level Annotations

Branches:
Dungeon (4/15)
 Temple: D:4-7

Altars:
Ashenzari
Elyvilon
Fedhas
Makhleb
Okawaru
Qazlal

Shops:
D:3 =

Annotations:
D:2 Sigmund


Innate Abilities, Weirdness & Mutations

You are a hulking beast.
Your limbs bulge with bestial killing power. (Slay +2)
Your plain brown scales are hard. (AC +5)
You cannot fit into any form of body armour.
You are cold-blooded and may be slowed by cold attacks.
You have supernaturally acute eyesight. (SInv)
You are agile. (Dex +4, Str/Int -1)
Your spells are easier to cast, but less powerful.


Message History

The black bear bites you.
The black bear claws you but does no damage.
The black bear barely misses you. The black bear completely misses you.
The black bear claws you. The black bear closely misses you.
You closely miss the black bear. You tail-slap the black bear.
You punch the black bear!
The black bear is almost dead.
The black bear barely misses you. The black bear claws you.
The black bear closely misses you.
You closely miss the black bear.
The black bear is almost dead.
The black bear bites you.
The black bear claws you but does no damage.
The black bear claws you.
You barely miss the black bear.
The black bear is almost dead.
The black bear goes berserk!
The dart slug launches a dart at you. The slug dart hits you.
The black bear closely misses you. The black bear claws you.
The black bear closely misses you.
You barely miss the black bear.
The black bear is almost dead.
The black bear bites you!
The black bear claws you but does no damage.
The black bear claws you.
* * * LOW HITPOINT WARNING * * *
The dart slug launches a dart at you. The slug dart misses you.
You hit the black bear.
The black bear is almost dead.
The black bear bites you.
* * * LOW HITPOINT WARNING * * *
The black bear claws you.
* * * LOW HITPOINT WARNING * * *
The black bear barely misses you. The black bear closely misses you.
The black bear claws you but does no damage.
The black bear completely misses you. The dart slug misses you.
It was a potion of cancellation.
You feel magically purged. The black bear bites you!
You die...

... #...........
..$ #.###..#####
##.# #.# #.##
##...## #.# #.#
###.#.#.###.#
#.#
.........##.#
#.#
#.#.#.###.###.##
#w...)........#
##h#####.###..#
#h# #.# #..# #.#
#.# #.# ..# #..
... ... ... .(.
#. ##.#


You could see a black bear (berserk) and a dart slug.

Vanquished Creatures
  Natasha (twice) (D:3)
  Robin (D:2)
  7 gnolls
  An adder (D:3)
  4 worms
  A dart slug (D:3)
  2 endoplasms
  2 giant cockroaches (D:2)
  7 hobgoblins
  3 kobolds
  A quokka (D:2)
  4 ball pythons
  A bat (D:1)
  2 frilled lizards (D:1)
  12 goblins
  2 rats
52 creatures vanquished.

Notes
Turn   | Place    | Note
-------+----------+-------------------------------------------
     0 | D:1      | croobank the Draconian Shapeshifter began the quest for the
                  | Orb.
     0 | D:1      | Reached XP level 1. HP: 16/16 MP: 1/1
   153 | D:1      | Reached XP level 2. HP: 23/23 MP: 2/2
   836 | D:2      | Noticed Robin
   867 | D:2      | Gained mutation: Your spells are a little easier to cast,
                  | but a little less powerful. [potion of mutation]
   867 | D:2      | Gained mutation: You have supernaturally acute eyesight.
                  | (SInv) [potion of mutation]
   867 | D:2      | Gained mutation: Your spells are easier to cast, but less
                  | powerful. [potion of mutation]
   867 | D:2      | Gained mutation: You are agile. (Dex +4, Str/Int -1)
                  | [potion of mutation]
   873 | D:2      | Killed Robin
   874 | D:2      | Reached XP level 3. HP: 15/29 MP: 3/3
  1185 | D:2      | Found an iron altar of Okawaru.
  1248 | D:2      | Noticed Sigmund
  1473 | D:2      | Found a faded altar of an unknown god.
  1960 | D:3      | Found a burning altar of Makhleb.
  1960 | D:3      | Found a blossoming altar of Fedhas.
  1960 | D:3      | Found a white marble altar of Elyvilon.
  1960 | D:3      | Found a stormy altar of Qazlal.
  1995 | D:3      | Reached XP level 4. HP: 27/37 MP: 4/4
  2384 | D:3      | Noticed Natasha
  2392 | D:3      | Killed Natasha
  2437 | D:3      | Reached XP level 5. HP: 42/42 MP: 5/5
  2483 | D:3      | Found Sodwelonub's One-of-a-Kind Rings.
  2677 | D:3      | Found a broken altar of Ashenzari.
  2792 | D:3      | Noticed Natasha
  2901 | D:3      | Killed Natasha
  2902 | D:3      | Reached skill level 4 in Unarmed Combat
  3154 | D:4      | Noticed a black bear
  3167 | D:4      | Slain by a black bear

Illustrated notes

Levels and vault maps discovered:
D:1:      beargit_arrival_diablo_church, layout_loops_ring, minmay_distorted
D:2:      layout_basic, hellmonk_ecumenical_altar_heavens_door, basic_altar,
          uniq_sigmund, uniq_robin
D:3:      layout_rooms, cheibrodos_ashenzari_chains, grunt_temple_overflow_open,
          kennysheep_nondescript, dreamdust_princess_corridor,
          nicolae_shop_unique_rings, uniq_natasha
D:4:      layout_loops_ring, lemuel_crystal_altar, dk_noncrumbling_2

Skill      XL: |  1  2  3  4  5 |
---------------+----------------+-----
Dodging        | 2 3 |  3.0
Fighting       | 2 3 |  3.1
Unarmed Combat | 4 |  4.0
Shapeshifting  | |  3.9

Action                     |  1- 3 |  4- 6 || total
---------------------------+-------+-------++-------
  Melee: Unarmed           |    60 |       ||    60
         Tailslap          |     8 |     8 ||    16
         Punch             |     1 |     5 ||     6
         Club              |    34 |    56 ||    90
  Throw: Throwing net      |       |     1 ||     1
         Boomerang         |       |     1 ||     1
    Use: Potion            |     2 |     1 ||     3
         Scroll            |     2 |       ||     2
   Stab: Sleeping          |     1 |       ||     1
 Armour: Skin              |    55 |    49 ||   104
  Dodge: Dodged            |    42 |    45 ||    87
   Form: Beast             |     2 |       ||     2
                           |     1 |       ||     1

Table legend: (Time is in decaauts)
 A = Elapsed time spent in this place.
 B = Non-inter-level travel time spent in this place.
 C = Inter-level travel time spent in this place.
 D = Time resting spent in this place.
 E = Time spent auto-exploring this place.
 F = Levels seen in this place.
 G = Mean time per level.
                   A        B        C        D        E       F      G
               +--------+--------+--------+--------+--------+-----+--------+
         Total |   3191 |   2970 |    221 |    674 |   1763 |   4 |  797.8 |
       Dungeon |   3191 |   2970 |    221 |    674 |   1763 |   4 |  797.8 |
               +--------+--------+--------+--------+--------+-----+--------+

Top non-repeatable levels by time:
     D:2: 1272 daAuts
     D:3: 970 daAuts
     D:1: 786 daAuts
     D:4: 161 daAuts
